 Dungeon Crawl Stone Soup version 0.29.1-12-g30fa7ad0bf (webtiles) character file.

Game seed: 2194200696728381940

450 mortz the Cudgeller (level 7, 0/44 HPs)
             Began as a Gargoyle Abyssal Knight on Dec 17, 2022.
             Was a Priest of Lugonu.
             Slain by a wyvern (14 damage)
             ... on level 7 of the Dungeon.
             The game lasted 00:20:26 (4320 turns).

mortz the Cudgeller (Gargoyle Abyssal Knight)       Turns: 4320, Time: 00:20:27

Health: 0/44       AC: 15    Str: 18    XL:     7   Next: 4%
Magic:  10/10      EV:  7    Int: 11    God:    Lugonu [***...]
Gold:   122        SH:  0    Dex: 10    Spells: 6/6 levels left

rFire   . . .      SeeInvis .   a - +1 mace
rCold   . . .      Faith    .   (no shield)
rNeg    + . .      Spirit   .   n - +0 chain mail
rPois   ∞          Reflect  .   p - +0 helmet
rElec   +          Harm     .   i - scarf {repulsion}
rCorr   .          Rampage  .   h - +0 pair of gloves
Will    .....                   (no boots)
Stlth   ..........              (no amulet)
HPRegen 0.14/turn               (no ring)
MPRegen 0.12/turn               (no ring)

@: repel missiles
A: sickness immunity, AC +4, negative energy resistance 1, electricity
resistance, torment resistance 1, petrification resistance
a: Renounce Religion, Depart the Abyss, Bend Space, Banish


You were on level 7 of the Dungeon.
You worshipped Lugonu.
Lugonu was most pleased with you.
You visited 1 branch of the dungeon, and saw 5 of its levels.
You visited the Abyss 1 time.

You collected 197 gold pieces.
You spent 75 gold pieces at shops.

Inventory:

Hand Weapons
 a - a +1 mace (weapon)
 b - a +0 sling
 d - a +0 hand axe
 g - a +0 trident
 l - a +1 dagger of chaos
Missiles
 f - 3 curare-tipped darts (quivered)
Armour
 h - a +0 pair of gloves (worn)
 i - a scarf of repulsion (worn)
 n - a +0 chain mail (worn)
 p - a +0 helmet (worn)
Magical Staves
 o - a staff of poison
Scrolls
 e - a scroll of teleportation
Potions
 c - a potion of mutation
 j - a potion of ambrosia
 k - a potion of brilliance
 m - a potion of heal wounds
 q - a potion of curing
 r - a potion of haste


   Skills:
 + Level 5.0 Fighting
 * Level 5.3 Maces & Flails
 - Level 2.1 Armour
 - Level 0.7 Dodging
 + Level 4.2 Invocations


You had 6 spell levels left.
You didn't know any spells.
Your spell library was empty.

Dungeon Overview and Level Annotations

Branches:
Dungeon (4/15) Zot: 25577
 Temple: D:4-7

Altars:
Sif Muna
Xom

Shops:
D:1 [   D:3 (**


Innate Abilities, Weirdness & Mutations

You are immune to sickness and miasma.
Your stone body is resilient. (AC +4)
You are immune to poison.
You resist negative energy. (rN+)
You are resistant to electric shocks. (rElec)
You are resistant to unholy torment.
You are immune to petrification.


Message History

You miss the crimson imp.
A wyvern comes into view.
The crimson imp blinks!
The wyvern hisses angrily.
You hit the crimson imp.
The crimson imp is lightly wounded.
The crimson imp barely misses you.
You hit the crimson imp but do no damage.
The crimson imp completely misses you.
You barely miss the wyvern. The wyvern bites you!
The crimson imp blinks!
You barely miss the wyvern. The wyvern barely misses you. The wyvern bites you!
You barely miss the wyvern. The wyvern bites you.
The crimson imp barely misses you. The wyvern attacks as you move away!
The wyvern barely misses you. The wyvern attacks as you move away!
The wyvern bites you. The crimson imp barely misses you.
You sock the crimson imp!
The crimson imp is severely wounded.
The crimson imp drinks a potion.
The crimson imp is healed!
You sock the crimson imp!
The crimson imp is severely wounded.
The crimson imp hits you.
You hit the crimson imp.
The crimson imp is almost dead.
The crimson imp misses you.
You miss the crimson imp.
The crimson imp is severely wounded.
The crimson imp blinks!
You closely miss the wyvern. You hit the wyvern but do no damage.
The wyvern bites you!
You feel much better. The wyvern bites you. x2
You closely miss the wyvern. The wyvern bites you.
You thump the wyvern!
The wyvern is moderately wounded.
The wyvern bites you. x2
* * * LOW HITPOINT WARNING * * *
You closely miss the wyvern.
The wyvern is moderately wounded.
The wyvern bites you!
You die...

.#
################.###
#>.......@l.........
#.###.#.###5###..###
#.#.# #......... #.#
#.#.# #.......≈≈ #.#
#.#.# #.....≈≈≈≈ #.#
#.#.# #...≈≈≈≈≈≈ #.#
#.#.# ##.≈≈≈≈≈≈. #.#
#.#.# #.≈≈≈≈≈≈. #.#
#.# #.≈≈≈≈≈≈.


You could see a wyvern and a crimson imp.

Vanquished Creatures
  Sigmund (D:2)
  3 crimson imps (D:7)
  A jelly (D:7)
  An orc wizard (D:2)
  3 adders (D:2)
  A shadow imp (D:7)
  A white imp (D:7)
  2 worms
  5 dart slugs
  10 orcs
  3 ball pythons
  4 endoplasms
  4 giant cockroaches
  5 goblins
  6 hobgoblins
  3 jackals (D:1)
  3 kobolds
  2 quokkas
  6 bats
  6 frilled lizards
  5 rats
75 creatures vanquished.

Notes
Turn   | Place    | Note
-------+----------+-------------------------------------------
     0 | Abyss:1  | mortz the Gargoyle Abyssal Knight began the quest for the
                  | Orb.
     0 | Abyss:1  | Reached XP level 1. HP: 14/14 MP: 2/2
     1 | D:1      | Escaped the Abyss
   130 | D:1      | Found Boabap's Antique Armour Boutique.
   171 | D:1      | Reached XP level 2. HP: 16/19 MP: 3/3
   268 | D:1      | Found a faded altar of an unknown god.
   711 | D:1      | Reached *** piety under Lugonu
   712 | D:1      | Reached XP level 3. HP: 23/23 MP: 4/4
  1647 | D:2      | Reached XP level 4. HP: 26/29 MP: 6/6
  2286 | D:2      | Noticed Sigmund
  2841 | D:2      | Killed Sigmund
  2842 | D:2      | Reached XP level 5. HP: 22/34 MP: 7/7
  2842 | D:2      | Reached XP level 6. HP: 25/39 MP: 8/8
  3006 | D:3      | Found Qaatsus's Assorted Antiques.
  3078 | D:3      | Found Nusubb's Assorted Antiques.
  3082 | D:3      | Bought a blue potion for 21 gold pieces
  3197 | D:3      | Bought a scroll labelled QIODAU QEORA for 27 gold pieces
  3197 | D:3      | Bought a scroll labelled FUDWYB MUTREPU for 27 gold pieces
  3249 | D:3      | Found a shimmering blue altar of Sif Muna.
  3270 | D:3      | Found Loll's Weapon Emporium.
  3728 | D:4      | You fall into a shaft and drop 3 floors!
  3854 | D:7      | Found a shimmering altar of Xom.
  3919 | D:7      | Reached skill level 5 in Maces & Flails
  3943 | D:7      | Reached **** piety under Lugonu
  3953 | D:7      | Reached skill level 5 in Fighting
  4216 | D:7      | Reached XP level 7. HP: 36/44 MP: 10/10
  4300 | D:7      | Noticed a wyvern
  4320 | D:7      | Slain by a wyvern

Illustrated notes

Levels and vault maps discovered:
D:1:      wander_arrival_chamber, layout_basic, serial_shops,
          nicolae_shop_window_shopping, ebering_ecumenical_altar_abandoned
D:2:      layout_loops_corners, uniq_sigmund
D:3:      layout_rooms, mainiacjoe_overflow_cross_hatched, serial_shops, shop,
          shop, shop, kennysheep_cross_bottleneck
D:4:      layout_basic, dk_noncrumbling_4, grunt_ministairs_1
D:7:      layout_basic, led_xom_imps, lemuel_zombie_altar_kikubaaqudgha,
          temple_pool_b

Skill      XL: |  1  2  3  4  5  6 |
---------------+-------------------+-----
Maces & Flails | 3 4 5 |  5.3
Fighting       | 4 5 |  5.0
Invocations    | 3 4 |  4.2
Armour         | |  2.1
Dodging        | |  0.7

Action                   |  1- 3 |  4- 6 |  7- 9 || total
-------------------------+-------+-------+-------++-------
Melee: Mace              |   128 |   171 |    16 ||   315
       Punch             |     2 |     2 |       ||     4
 Fire: Sling             |       |    71 |    10 ||    81
Throw: Stone             |     9 |     2 |       ||    11
  Use: Scroll            |     3 |     7 |       ||    10
       Potion            |       |     2 |     1 ||     3
Armor: Leather armour    |    69 |    38 |       ||   107
       Chain mail        |       |    69 |    10 ||    79
       Ring mail         |       |    20 |       ||    20
Dodge: Dodged            |    90 |    76 |     7 ||   173
       Repelled          |       |     4 |       ||     4
